 Dungeon Crawl Stone Soup version 0.30.0-18-gc0e69614cb (webtiles) character file.

Game seed: 674753315137536513

44 cheesebisquit the Changer (level 3, -1/26 HPs)
             Began as a Merfolk Transmuter on May 23, 2023.
             Slain by an orc
             ... wielding a +0 hand axe
              (3 damage)
             ... on level 2 of the Dungeon.
             The game lasted 00:07:56 (2074 turns).

cheesebisquit the Changer (Merfolk Transmuter)      Turns: 2074, Time: 00:07:57

Health: -1/26      AC:  3    Str: 10    XL:     3   Next: 60%
Magic:  6/7        EV: 12    Int: 14    God:
Gold:   81         SH:  0    Dex: 14    Spells: 1/7 levels left

rFire   . .          .
                       - Unarmed
rCold   . . .        (no shield)
rNeg    . . .        a - +0 robe
rPois   .            (helmet currently unavailable)
rElec   .            j - +0 cloak
rCorr   .            (no gloves)
SInv    .            (boots currently unavailable)
Will    .....        (no amulet)
Stlth   +            (no ring)
HPRegen 0.24/turn    (no ring)
MPRegen 0.10/turn

%: no passive effects
@: appendages
A: horns 2, (nimble swimmer 2), mertail
a: End Transformation


You were on level 2 of the Dungeon.
You had temporarily grown beastly horns.
You visited 1 branch of the dungeon, and saw 3 of its levels.

You collected 81 gold pieces.

Inventory:

Armour
 a - a +0 robe (worn)
 j - a +0 cloak (worn)
Scrolls
 c - a scroll of fog {unknown}
 d - a scroll of fear {unknown}
 f - a scroll of magic mapping {unknown}
 h - 2 scrolls of brand weapon {unknown}
 k - a scroll of identify {unknown}
 l - a scroll of enchant armour {unknown}
Potions
 b - a potion of lignification
 e - a potion of curing {unknown}
 g - 2 potions of flight {unknown}
 i - a potion of mutation {unknown}


   Skills:
 + Level 1.3 Fighting
 - Level 2.6 Dodging
 + Level 0.4 Stealth
 * Level 3.4 Unarmed Combat
 + Level 2.7 Spellcasting
 + Level 3.8 Transmutations


You had one spell level left.
You knew the following spells:

 Your Spells              Type           Power      Damage    Failure   Level
a - Beastly Appendage     Tmut           24%        N/A       4%          1
b - Wereblood             Tmut           12%        N/A       7%          2
c - Spider Form           Tmut/Pois      7%         N/A       30%         3

Your spell library contained the following spells:

 Spells                   Type           Power      Damage    Failure   Level
 Ice Form                 Ice/Tmut       7%         N/A       69%         4


Dungeon Overview and Level Annotations

Branches:
Dungeon (3/15)

Altars:

Shops:
D:1 [   D:2 (=


Innate Abilities, Weirdness & Mutations

You have temporarily grown beastly horns.
((You are very nimble when in or above water. (Stealth+, EV+, Speed+++)))
Your lower body shifts to a powerful aquatic tail in water.


Message History

No target in view!
Things that are here:
a +0 club; a goblin corpse Your transformation is almost over.
Your horns disappear.
There is a stone staircase leading down here.
You see here a ball python skeleton.
You open the door.
Done exploring.
Done exploring.
You see here a ball python skeleton.
There is a stone staircase leading down here.
You climb downwards.
Found a stone staircase leading down and a stone staircase leading up.
There is a stone staircase leading up here.
You climb upwards.
There is a stone staircase leading down here.
You climb downwards.
The orc shouts! x4
The orc hits you with a +0 hand axe.
There is a stone staircase leading up here.
The orc hits you with a +0 flail. The orc hits you but does no damage.
You climb upwards.
There is a stone staircase leading down here.
You grow a pair of large bovine horns.
The orc hits you with a +0 hand axe. The orc closely misses you.
The orc hits you but does no damage.
You hit the orc.
The orc is heavily wounded.
The orc hits you with a +0 hand axe. The orc hits you with a +0 flail!
The orc completely misses you.
You hit the orc.
You kill the orc!
The orc closely misses you. The orc hits you with a +0 flail.
* * * LOW HITPOINT WARNING * * *
The orc attacks as you move away! The orc barely misses you.
You see here a +0 mace.
You hit the orc. You punch the orc, but do no damage.
The orc is moderately wounded.
The orc hits you with a +0 hand axe.
You die...

###.# #...# #.#.# #.#.#
#.#'###### #........#
#........######
#####..รท..........######
#.....#@#####.###.......
#.....#o#####.###.......
#.....#o................
#.....#.#####.###.......
#.....#.#####.# #.######
#.....).....#.# #.#
#......##.....# #.####
####...####...###....#
#.[.........##....#


You could see 2 orcs.

Vanquished Creatures
  An adder (D:2)
  A dart slug (D:2)
  An orc (D:2)
  2 endoplasms (D:1)
  3 giant cockroaches (D:1)
  2 goblins
  3 hobgoblins (D:1)
  2 quokkas (D:1)
  6 ball pythons
  3 bats (D:2)
  3 frilled lizards
  A kobold (D:1)
  A rat (D:1)
29 creatures vanquished.

Notes
Turn   | Place    | Note
-------+----------+-------------------------------------------
     0 | D:1      | cheesebisquit the Merfolk Transmuter began the quest for
                  | the Orb.
     0 | D:1      | Reached XP level 1. HP: 15/15 MP: 3/3
   314 | D:1      | Reached XP level 2. HP: 20/21 MP: 3/5
   743 | D:1      | Found Tiugasm's Antique Armour Emporium.
   824 | D:1      | Reached XP level 3. HP: 21/26 MP: 4/6
  1075 | D:1      | Learned a level 2 spell: Wereblood
  1079 | D:1      | Learned a level 3 spell: Spider Form
  1339 | D:2      | Found Vopaenewk's Jewellery Shoppe.
  1362 | D:2      | Found Oskufuav's Antique Weapon Shoppe.
  2074 | D:2      | Slain by an orc

Illustrated notes

Levels and vault maps discovered:
D:1:      eino_arrival_tree_alley, layout_basic, serial_shops,
          nicolae_shop_advertising_works [nicolae_subvault_shop_adworks],
          minmay_tiny_reverse_x
D:2:      layout_basic, serial_shops, nicolae_shop_pleasant_corner_grove, shop
D:3:      layout_basic, uniq_ijyb

Skill      XL: |  1 |
---------------+----+-----
Transmutations | 3 |  3.8
Fighting       | |  1.3
Dodging        | |  2.6
Stealth        | |  0.4
Unarmed Combat | |  3.4
Spellcasting   | |  2.7

Action                     || total
---------------------------++-------
  Melee: Unarmed           ||    88
         Headbutt          ||    12
         Punch             ||     1
   Cast: Beastly Appendage ||    24
   Stab: Sleeping          ||     1
 Armour: Robe              ||    13
  Dodge: Dodged            ||    56
